Map: King's Cove LE

Players

StreamSniper - Winner!

  • Race: Terran Terran
  • League: Master
  • Spawn Location: 5:00

Mez

  • Race: Terran Terran
  • League: Master
  • Spawn Location: 11:00

VOD

Have the link to the VOD?

Description

Time

  • Played on: July 30, 2019, 2:14 a.m.
  • Length: 14:33
Show
View Real Time Build Order
Export as new Build Order

StreamSniper Terran - Winner!

Build Orders: Gas First Reaper Expand 

Get SALT Encoding   

  12  0:00  SCV  
  13  0:12  SCV  
  14  0:18  Supply Depot  
  14  0:25  SCV  
  15  0:29  Refinery  
  15  0:39  SCV  
  16  0:46  Barracks  
  16  0:51  SCV  
  17  1:03  SCV  
  18  1:15  SCV  
  19  1:33  Orbital Command  
  19  1:34  Reaper  
  20  1:49  Command Center  
  20  1:58  SCV  
  21  2:07  Factory  
  21  2:10  Barracks Reactor  
  21  2:14  SCV  
  22  2:20  Supply Depot  
  22  2:23  Refinery  
  22  2:26  SCV  
  23  2:42  SCV  
  24  2:47  Marine x2  
  26  2:53  Starport  
  26  2:54  Hellion, SCV  
  29  3:06  SCV, Orbital Command  
  29  3:11  Marine  
  29  3:12  Marine  
  32  3:18  Bunker  
  32  3:21  Factory Tech Lab  
  32  3:25  SCV  
  33  3:29  Marine  
  33  3:30  Marine  
  33  3:33  Starport Tech Lab  
  35  3:34  SCV  
  36  3:44  SCV  
  36  3:46  Cyclone  
  40  3:49  SCV  
  40  3:54  Supply Depot  
  41  3:59  Raven, Marine x2  
  45  4:04  SCV  
  45  4:08  Supply Depot  
  46  4:16  SCV  
  47  4:18  Siege Tank  
  50  4:33  SCV  
  50  4:35  SCV  
  50  4:37  Command Center, Marine x2  
  54  4:45  SCV  
  54  4:47  SCV  
  54  4:48  Refinery  
  54  4:49  Refinery  
  54  4:50  Supply Depot  
  56  4:57  SCV  
  57  5:00  SCV  
  57  5:07  Raven  
  58  5:09  Marine x2  
  58  5:11  SCV  
  58  5:13  SCV  
  64  5:18  Siege Tank  
  67  5:24  SCV  
  67  5:25  SCV  
  69  5:32  Barracks  
  69  5:33  Barracks  
  69  5:34  Marine  
  70  5:46  Marine, Supply Depot  
  70  5:47  SCV x2  
  73  5:50  Orbital Command  
  73  5:59  SCV x2  
  73  6:03  Siege Tank  
  81  6:11  Engineering Bay x2, SCV x2  
  78  6:12  Supply Depot  
  78  6:16  Viking x2  
  78  6:18  Stimpack  
  83  6:19  Barracks Reactor  
  83  6:20  SCV  
  83  6:25  SCV  
  85  6:26  Marine  
  85  6:28  Barracks Reactor  
  86  6:34  Supply Depot  
  86  6:38  Siege Tank  
  89  6:40  Terran Infantry Armor Level 1, Terran Infantry Weapons Level 1  
  89  6:41  SCV x2  
  91  6:51  Viking  
  91  6:52  Viking  
  91  6:53  SCV x2  
  97  6:59  SCV  
  97  7:01  Supply Depot  
  98  7:02  Missile Turret  
  98  7:04  Orbital Command  
  98  7:05  Marine x2  
  98  7:06  Marine x2  
  102  7:08  Missile Turret  
  102  7:17  Marine  
  102  7:18  Siege Tank  
  106  7:23  Marine x2  
  105  7:38  Marine x3  
  105  7:41  Marine x2  
  105  7:43  Medivac x2  
  113  7:44  Barracks  
  113  7:45  Barracks  
  113  7:46  SCV x2, Supply Depot x2  
  115  7:52  SCV  
  115  7:58  SCV x2, Armory  
  118  7:59  Supply Depot  
  118  8:01  Supply Depot  
  118  8:04  SCV  
  119  8:10  SCV x2  
  121  8:15  Marine x2  
  121  8:16  SCV  
  121  8:18  Combat Shield  
  124  8:20  Sensor Tower, Supply Depot x2  
  124  8:30  Refinery  
  124  8:33  Marine  
  122  8:34  Marine x4  
  122  8:39  Barracks Reactor x2  
  126  8:43  Supply Depot  
  126  8:44  Supply Depot  
  126  8:47  SCV x2  
  128  8:51  Marine, Terran Infantry Weapons Level 2  
  128  8:52  Refinery, Marine x4  
  133  9:01  Terran Infantry Armor Level 2  
  133  9:03  Terran Vehicle Weapons Level 1  
  133  9:09  Marine  
  88  9:18  Marine x2  
  88  9:19  Marine x6  
  96  9:24  Supply Depot  
  96  9:27  Marine  
  97  9:35  Siege Tank, Medivac x2  
  97  9:36  Marine x3  
  97  9:37  Marine x4  
  111  9:40  Marine  
  111  9:45  Marine  
  113  9:46  Command Center  
  113  9:49  Factory  
  113  9:55  Marine  
  113  9:56  Marine x4  
  113  9:59  Missile Turret  
  118  10:09  Marine x4  
  118  10:13  Marine  
  123  10:18  Marine x2  
  123  10:19  Siege Tank, Marine x2  
  130  10:22  SCV x2  
  130  10:24  Sensor Tower  
  132  10:29  Missile Turret, SCV  
  132  10:32  Missile Turret  
  132  10:33  Missile Turret  
  132  10:34  SCV  
  132  10:35  Missile Turret  
  134  10:36  Supply Depot  
  134  10:37  Supply Depot  
  129  10:56  Marine  
  129  10:57  Marine x6  
  124  11:04  Marine x2  
  124  11:06  Siege Tank  
  124  11:08  Factory Tech Lab  
  126  11:11  Terran Infantry Weapons Level 3  
  126  11:14  Marine x2  
  126  11:18  Terran Infantry Armor Level 3  
  128  11:27  Siege Tank  
  128  11:28  Marine x5  
  136  11:38  Siege Tank  
  137  11:46  Marine  
  120  11:52  Marine x5  
  120  11:53  Marine x3  
  124  11:56  Barracks x3  
  124  11:59  Siege Tank, Planetary Fortress  
  127  12:02  Medivac x2  
  127  12:03  Marine  
  132  12:10  Marine x8  
  137  12:21  Marine  
  138  12:27  Marine  
  139  12:32  Marine x3  
  139  12:33  Marine x3  
  139  12:34  Marine  
  146  12:39  Marine  
  147  12:44  Siege Tank  
  147  12:45  Siege Tank, Marine, Medivac x2  
  147  12:50  Marine x3  
  147  12:51  Marine  
  158  12:58  Marine x4  
  161  13:00  Barracks Reactor x3  
  161  13:03  Marine  
  164  13:17  Siege Tank  
  164  13:19  Marine x3  
  166  13:23  Marine x4  
  162  13:36  Marine x3  
  162  13:37  Marine  
  166  13:42  Marine  
  166  13:43  Siege Tank, Marine x8  
  166  13:44  Medivac x2  
  166  13:45  Command Center  
  182  13:49  Siege Tank, Refinery x2  
  182  13:52  Factory  
  182  13:54  Armory  
  185  13:58  Starport  
  185  14:00  Starport  
  185  14:09  Starport  
Show
View Real Time Build Order
Export as new Build Order

Mez Terran 

Build Orders: Reaper Expand 

Get SALT Encoding   

  12  0:00  SCV  
  13  0:13  SCV  
  14  0:18  Supply Depot  
  14  0:25  SCV  
  15  0:40  SCV  
  15  0:41  Barracks  
  16  0:46  Refinery  
  16  0:52  SCV  
  17  1:05  SCV  
  18  1:21  SCV  
  19  1:31  Reaper  
  20  1:36  Orbital Command  
  20  1:55  Command Center  
  20  2:04  SCV  
  20  2:05  Barracks  
  21  2:10  Barracks Reactor  
  21  2:16  SCV  
  21  2:17  Supply Depot  
  22  2:25  Barracks  
  22  2:29  SCV  
  23  2:47  SCV  
  24  2:53  Barracks Tech Lab  
  24  3:04  Marine  
  24  3:05  Marine  
  26  3:06  SCV  
  26  3:08  Orbital Command  
  27  3:13  Concussive Shells, Marauder  
  27  3:14  Marine  
  27  3:18  SCV  
  31  3:22  Marine x2  
  33  3:28  Supply Depot  
  33  3:30  SCV  
  33  3:32  Marine  
  35  3:34  SCV  
  35  3:35  Marauder  
  35  3:40  Marine x2  
  40  3:41  Engineering Bay  
  40  3:42  SCV  
  41  3:52  Marine  
  41  3:53  SCV  
  41  3:54  SCV  
  41  3:55  Supply Depot  
  44  3:57  Stimpack  
  44  4:02  Marine x3  
  47  4:05  SCV  
  47  4:07  SCV  
  47  4:08  Missile Turret  
  49  4:16  Factory  
  49  4:17  Refinery  
  49  4:19  SCV, Supply Depot  
  49  4:20  SCV  
  51  4:35  Marine x3  
  51  4:36  SCV x2  
  56  4:44  Marine  
  56  4:45  Refinery  
  57  4:47  Supply Depot  
  57  4:53  Marine  
  56  5:00  SCV x2  
  56  5:03  Starport, Factory Reactor  
  56  5:06  Marine x3  
  61  5:12  SCV x2, Supply Depot  
  63  5:14  Marine  
  63  5:17  Command Center  
  64  5:24  SCV x2  
  64  5:28  Marine x3  
  69  5:30  Terran Infantry Weapons Level 1  
  69  5:44  Barracks  
  69  5:45  SCV x2  
  69  5:46  Barracks  
  69  5:47  Barracks Reactor  
  69  5:48  Medivac x2  
  75  5:50  Marine x2  
  75  5:55  Refinery  
  75  6:08  SCV x2  
  75  6:10  Combat Shield  
  76  6:12  Marine x3  
  79  6:20  SCV  
  79  6:21  SCV  
  79  6:23  Medivac x2  
  79  6:24  Supply Depot  
  85  6:26  Supply Depot  
  85  6:33  SCV  
  85  6:34  Barracks Reactor  
  85  6:35  Barracks Reactor  
  86  6:45  Marine x5  
  86  6:46  SCV  
  92  6:48  Supply Depot  
  92  6:50  Supply Depot  
  92  6:52  SCV  
  93  6:57  Engineering Bay, Armory  
  93  6:58  SCV  
  94  7:06  Marine x3  
  94  7:07  Medivac x2  
  101  7:09  Marine x2  
  103  7:16  Orbital Command  
  103  7:18  SCV x2  
  103  7:20  Supply Depot  
  104  7:24  Marine  
  105  7:30  SCV x2  
  107  7:42  SCV  
  108  7:44  Marine  
  108  7:45  Marine x6, Marauder  
  117  7:57  Marine  
  118  7:58  SCV x2  
  118  7:59  Terran Infantry Weapons Level 2  
  118  8:00  Terran Infantry Armor Level 1  
  118  8:01  SCV  
  121  8:06  Marauder  
  121  8:10  Marine x6  
  121  8:11  SCV x2  
  131  8:15  Supply Depot  
  118  8:35  Marine  
  118  8:36  Marine x8  
  118  8:40  SCV x2  
  118  8:41  SCV  
  113  8:45  Medivac x2  
  117  8:52  SCV  
  117  8:53  Marine x5  
  117  8:54  Marine x2  
  125  9:00  Supply Depot  
  125  9:01  Barracks x2  
  125  9:02  Barracks  
  118  9:13  Marine x7  
  118  9:15  Medivac x2  
  110  9:19  Marine x2  
  112  9:31  Marine x5  
  113  9:43  Marine x2  
  113  9:44  Command Center  
  113  9:45  Medivac x2  
  119  9:47  Terran Vehicle And Ship Armor Level 1  
  119  9:52  Barracks x2, Supply Depot  
  119  9:53  Barracks  
  119  9:54  Barracks  
  119  9:55  Missile Turret  
  119  9:58  Missile Turret, Barracks Tech Lab  
  119  9:59  Barracks Reactor, Barracks Tech Lab  
  119  10:13  Marine x9  
  128  10:21  Terran Infantry Weapons Level 3  
  128  10:26  Terran Infantry Armor Level 2  
  128  10:31  Marine, Supply Depot  
  128  10:33  Supply Depot  
  128  10:35  Marine x4  
  132  10:40  Refinery  
  132  10:49  Marine  
  114  10:50  Marine x6  
  114  10:52  SCV  
  114  10:53  SCV  
  114  10:55  Marine  
  116  11:03  SCV  
  113  11:05  SCV x2  
  113  11:09  Marine x3  
  117  11:15  SCV  
  118  11:22  SCV x2  
  120  11:28  SCV  
  118  11:44  Marine x9  
  100  11:48  SCV x3  
  89  12:00  SCV x3  
  92  12:02  Marine x12  
  92  12:05  Marine x3  
  107  12:12  SCV x3  
  107  12:13  Missile Turret  
  107  12:14  Missile Turret, Planetary Fortress  
  101  12:18  Marine  
  101  12:19  Marine x2  
  101  12:20  Marine x2  
  106  12:24  SCV x3  
  109  12:31  Marine x11  
  120  12:46  Marine x5  
  120  12:47  Marine  
  120  12:49  Marine x5  
  122  12:54  Marine  
  121  13:03  Marine  
  121  13:04  Marine  
  121  13:05  Medivac  
  123  13:06  Medivac  
  119  13:16  Marine  
  119  13:17  Marine x3  
  90  13:38  Marine x10  
  90  13:39  Marine x4  
  103  14:02  Marine x7  
Tags
 
Add a new tag
Caveats
  • Supply blocks, unpowered buildings, or Contaminate may cause inaccurate times.
  • Supply counts are checked every 10 seconds.